 Dungeon Crawl Stone Soup version 0.28-a0-723-g095bd1b44f (webtiles) character file.

Game seed: 12344346430499476742

248 KoroneIsBestGirl the Chiller (level 6, -2/36 HPs)
             Began as a Barachi Ice Elementalist on Oct 25, 2021.
             Was a Believer of Hepliaklqana.
             Killed by nerve-wracking pain
             ... invoked by an orc priest
              (7 damage)
             ... on level 4 of the Dungeon.
             The game lasted 00:03:58 (3592 turns).

KoroneIsBestGirl the Chiller (BaIE)                 Turns: 3592, Time: 00:04:00

Health: -2/36      AC:  2    Str:  9    XL:     6   Next: 12%
Magic:  1/12       EV: 17    Int: 17    God:    Hepliaklqana [**....]
Gold:   135        SH:  0    Dex: 13    Spells: 9/13 levels left

rFire   . . .      SeeInvis +   (no weapon)
rCold   . . .      Faith    .   (no shield)
rNeg    . . .      Spirit   .   a - +0 robe
rPois   .          Reflect  .   (no helmet)
rElec   .          Harm     .   (no cloak)
rCorr   .          Rampage  .   (no gloves)
Will    .....                   (no boots)
Stlth   ++........              (no amulet)
HPRegen 0.12/turn               b - ring of see invisible
MPRegen 0.13/turn               e - +4 ring of evasion

@: slow
A: reduced essence, amphibious, slowness 1, strong legs 1, +LOS
a: Hop, Renounce Religion, Recall Ancestor, Ancestor Identity


You were on level 4 of the Dungeon.
You worshipped Hepliaklqana.
Hepliaklqana was pleased with you.
You visited 1 branch of the dungeon, and saw 4 of its levels.

You collected 135 gold pieces.

Inventory:

Armour
 a - a +0 robe (worn)
Jewellery
 b - a ring of see invisible (left hand)
 e - a +4 ring of evasion (right hand)
Scrolls
 c - 3 scrolls of identify {unknown}
 f - a scroll of noise {unknown}
 h - a scroll of vulnerability {unknown}
 j - a scroll of teleportation {unknown}
 k - a scroll of summoning {unknown}
 n - a scroll of immolation {unknown}
 o - 2 scrolls of fear {unknown}
 p - a scroll of holy word {unknown}
 q - a scroll of enchant armour {unknown}
Potions
 d - a potion of haste {unknown}
 g - 2 potions of mutation {unknown}
 i - a potion of flight {unknown}
 l - 3 potions of curing {unknown}
 m - a potion of degeneration {unknown}


   Skills:
 + Level 4.2 Dodging
 - Level 1.7 Stealth
 + Level 4.0 Spellcasting
 + Level 6.3 Ice Magic


You had 9 spell levels left.
You knew the following spells:

 Your Spells              Type           Power      Damage    Failure   Level
a - Freeze                Ice            100%       1d11      1%          1
b - Frozen Ramparts       Ice            50%        1d7       3%          3

Your spell library contained the following spells:

 Spells                   Type           Power      Damage    Failure   Level
 Ozocubu's Armour         Ice            25%        N/A       3%          3
 Shock                    Conj/Air       12%        1d3       16%         1
 Hailstorm                Conj/Ice       14%        3d5       38%         4
 Swiftness                Air            3%         N/A       43%         3
 Airstrike                Air            1%         N/A       83%         4


Dungeon Overview and Level Annotations

Branches:
Dungeon (4/15)
 Temple: D:4-7

Altars:
Cheibriados
Dithmenos
Hepliaklqana
Kikubaaqudgha
Qazlal
Yredelemnul


Innate Abilities, Weirdness & Mutations

Your life essence is reduced to manifest your ancestor. (-10% HP)
You are amphibious.
You cover ground slowly.
You can hop short distances.
You have an extended range of vision and can be seen from far away.


Message History

The orc wizard casts a spell at you. You resist with some effort.
Oma hits the orc wizard with a +0 flail!
The orc wizard dies!
Your Spellcasting skill increases to level 4!
The orc priest invokes the aid of Beogh against you.
Beogh smites you!
The orc priest calls down the wrath of Beogh upon you.
Beogh smites you!
* * * LOW HITPOINT WARNING * * *
You swap places.
Things that are here:
a +0 war axe; an orc corpse
Casting: Freeze (safe; 1% risk of failure)
Confirm with . or Enter, or press ? or * to list all spells.
Aiming: Freeze (safe; 1% risk of failure)
Press: ? - help, Shift-Dir - straight line, f - orc priest
Aim: an orc priest, wielding a +0 dagger You freeze the orc priest.
The orc priest is moderately wounded.
The orc priest hits you but does no damage.
Casting: Freeze (safe; 1% risk of failure)
Confirm with . or Enter, or press ? or * to list all spells.
Aiming: Freeze (safe; 1% risk of failure)
Press: ? - help, Shift-Dir - straight line, f/p - orc priest
Aim: an orc priest, wielding a +0 dagger (moderately wounded, ally target)
You freeze the orc priest.
The orc priest is heavily wounded.
The orc priest hits you but does no damage.
Oma hits the orc priest with a +0 flail.
Casting: Freeze (safe; 1% risk of failure)
Confirm with . or Enter, or press ? or * to list all spells.
Aiming: Freeze (safe; 1% risk of failure)
Press: ? - help, Shift-Dir - straight line, f/p - orc priest
Aim: an orc priest, wielding a +0 dagger (heavily wounded, ally target)
You freeze the orc priest.
The orc priest is severely wounded.
The orc priest calls down the wrath of Beogh upon you.
Pain shoots through your body!
You die...

#.#####..## #.........#
#+ ##...###..# #.
#........# ##.##
###.<.####.# #....
..##..# #.#
##...####.##..####.#
###.#...R...#.##.......#
#...(..o@...#.##.#######
#.#.##..#)..#.##.#
#.###.[.....# #.
####.#### # #.# ..# ####


You could see the friendly Oma the knight and an orc priest (ally target).

Vanquished Creatures
  An orc priest (D:4)
  Terence (D:2)
  Natasha (twice) (D:2)
  2 worms
  A dart slug (D:2)
  An orc (D:3)
  A bat (D:1)
  9 endoplasms
  6 giant cockroaches
  11 goblins
  9 hobgoblins
  6 kobolds
  2 quokkas
  3 ball pythons
  3 frilled lizards
  6 rats
64 creatures vanquished.

Vanquished Creatures (collateral kills)
  Natasha (D:2)
  An orc wizard (D:4)
  Robin (D:2)
  An orc (D:4)
  A bat (D:3)
  A goblin (D:2)
6 creatures vanquished.

Vanquished Creatures (others)
  An ancestor (D:2)
1 creature vanquished.

Grand Total: 71 creatures vanquished

Notes
Turn   | Place    | Note
-------+----------+-------------------------------------------
     0 | D:1      | KoroneIsBestGirl the Barachi Ice Elementalist began the
                  | quest for the Orb.
     0 | D:1      | Reached XP level 1. HP: 13/13 MP: 3/3
   239 | D:1      | Reached skill level 5 in Ice Magic
   352 | D:1      | Reached XP level 2. HP: 19/19 MP: 1/5
   715 | D:1      | Found a faded altar of an unknown god.
   758 | D:1      | Prayed at the altar of an unknown god.
   758 | D:1      | Became a worshipper of Hepliaklqana the Forgotten
   758 | D:1      | Reached * piety under Hepliaklqana
  1450 | D:2      | Reached XP level 3. HP: 13/21 MP: 4/7
  1583 | D:2      | Found an ancient bone altar of Kikubaaqudgha.
  1592 | D:2      | Noticed Robin
  1600 | D:2      | Learned a level 3 spell: Frozen Ramparts
  1616 | D:2      | Killed Robin
  1952 | D:2      | Noticed Natasha
  1959 | D:2      | Killed Natasha
  1960 | D:2      | Reached XP level 4. HP: 19/27 MP: 2/8
  2149 | D:2      | Noticed Natasha
  2157 | D:2      | Killed Natasha
  2160 | D:2      | Noticed Natasha
  2168 | D:2      | Killed Natasha
  2169 | D:2      | Reached XP level 5. HP: 17/31 MP: 0/10
  2444 | D:2      | Reached ** piety under Hepliaklqana
  2445 | D:2      | Remembered your ancestor Oma as a knight
  2550 | D:2      | Noticed Terence
  2555 | D:2      | Killed Terence
  2556 | D:2      | Reached skill level 6 in Ice Magic
  2850 | D:3      | Found a stormy altar of Qazlal.
  2850 | D:3      | Found a snail-covered altar of Cheibriados.
  2851 | D:3      | Found a basalt altar of Yredelemnul.
  3075 | D:3      | Found a shadowy altar of Dithmenos.
  3584 | D:4      | Reached XP level 6. HP: 29/36 MP: 5/11
  3592 | D:4      | Killed from afar by an orc priest

Illustrated notes

Levels and vault maps discovered:
D:1:      dpeg_arrival_arbitrary_a, layout_basic,
          hellmonk_ecumenical_altar_leap_of_faith
D:2:      layout_loops_ring, basic_altar, grunt_ministairs_3, uniq_terence,
          uniq_natasha, uniq_robin
D:3:      layout_basic, gammafunk_temple_overflow_forgotten,
          grunt_dithmenos_smoke, kennysheep_nondescript
D:4:      layout_loops_corners, serial_shops, kennysheep_mini, minmay_rat_hole

Skill      XL: |  1  2  3  4  5  6 |
---------------+-------------------+-----
Ice Magic      | 5 6 |  6.3
Dodging        | 3 4 |  4.2
Spellcasting   | 3 4 |  4.0
Stealth        | |  1.7

Action                   |  1- 3 |  4- 6 || total
-------------------------+-------+-------++-------
Melee: Unarmed           |    10 |    11 ||    21
 Cast: Freeze            |    33 |    50 ||    83
       Frozen Ramparts   |     3 |     4 ||     7
Invok: Ancestor Life: Kn |       |     1 ||     1
 Abil: Hop               |     1 |       ||     1
Armor: Robe              |     4 |     9 ||    13
Dodge: Dodged            |    17 |    43 ||    60

Table legend: (Time is in decaauts)
 A = Elapsed time spent in this place.
 B = Non-inter-level travel time spent in this place.
 C = Inter-level travel time spent in this place.
 D = Time resting spent in this place.
 E = Time spent auto-exploring this place.
 F = Levels seen in this place.
 G = Mean time per level.
                   A        B        C        D        E       F      G
               +--------+--------+--------+--------+--------+-----+--------+
         Total |   3997 |   3727 |    270 |      0 |   3289 |   4 |  999.2 |
       Dungeon |   3997 |   3727 |    270 |      0 |   3289 |   4 |  999.2 |
               +--------+--------+--------+--------+--------+-----+--------+

Top non-repeatable levels by time:
     D:2: 1671 daAuts
     D:1: 1386 daAuts
     D:3: 830 daAuts
     D:4: 108 daAuts
